 Dungeon Crawl Stone Soup version 0.25-a0-834-g55863b0b92 (webtiles) character file.

Game seed: 5320774105248323506, levelgen mode: deterministic

123 Maedhros the Charlatan (level 5, -1/33 HPs)
             Began as an Octopode Artificer on Apr 22, 2020.
             Slain by a centaur (8 damage)
             ... on level 7 of the Dungeon.
             The game lasted 00:01:56 (333 turns).

Maedhros the Charlatan (Octopode Artificer)          Turns: 333, Time: 00:01:57

Health: -1/33      AC:  1    Str: 11    XL:     5   Next: 7%
Magic:  7/8        EV: 13    Int: 13    God:
Gold:   71         SH:  0    Dex: 14    Spells: 4/4 levels left

rFire    . . .     SeeInvis .   a - +0 short sword
rCold    . . .     Gourm    .   (no shield)
rNeg     . . .     Faith    .   (helmet restricted)
rPois    .         Spirit   .   (no amulet)
rElec    .         Reflect  .   (no ring)
rCorr    .         Harm     .   (no ring)
MR       .....                  (no ring)
Stlth    +++.......             (no ring)
HPRegen  0.11/turn              (no ring)
MPRegen  0.11/turn              (no ring)
                                (no ring)
                                (no ring)

@: no status effects
A: almost no armour, stealthy swim, amphibious, 8 rings, constrict 8, camouflage
1, gelatinous body 1
a: no special abilities


You were on level 7 of the Dungeon.
You were not hungry.

You visited 1 branch of the dungeon, and saw 5 of its levels.

You collected 71 gold pieces.

Inventory:

Hand Weapons
 a - a +0 short sword (weapon)
 g - a +0 whip of flaming
Wands
 b - a wand of flame (15)
 c - a wand of enslavement (13)
 d - a wand of random effects (15)
Scrolls
 e - 3 scrolls of remove curse {unknown}
 h - a scroll of teleportation {unknown}
Potions
 i - a potion of heal wounds {unknown}
 j - a potion of might {unknown}
Comestibles
 f - a ration


   Skills:
 - Level 1.0 Fighting
 - Level 1.0 Short Blades
 - Level 2.0 Dodging
 + Level 3.5 Stealth
 * Level 3.1 Unarmed Combat
 + Level 4.1 Evocations


You had 4 spell levels left.
You didn't know any spells.
Your spell library was empty.

Dungeon Overview and Level Annotations

Branches:
Dungeon (4/15)
 Temple: D:4-7

Altars:
Dithmenos


Innate Abilities, Weirdness & Mutations

You cannot wear most types of armour.
You are very stealthy in the water. (Stealth+)
You are amphibious.
You can wear up to eight rings at the same time.
You can use your tentacles to constrict eight enemies at once.
Your skin changes colour to match your surroundings (Stealth+).
Your rubbery body absorbs attacks. (AC +1, EV +1)


Message History

The centaur is lightly wounded.
Your centaur skeleton barely misses the centaur.
The centaur misses you. The centaur barely misses you.
Your centaur skeleton barely misses the centaur.
You hit the centaur.
The centaur is moderately wounded.
The centaur closely misses you.
Your centaur skeleton completely misses the centaur.
You closely miss the centaur. You squeeze the centaur!
The centaur is severely wounded.
The centaur hits you but does no damage.
Your centaur skeleton barely misses the centaur.
The centaur hits you.
Your centaur skeleton closely misses the centaur.
You closely miss the centaur.
The centaur is severely wounded.
The centaur hits you.
* * * LOW HITPOINT WARNING * * *
Your centaur skeleton hits the centaur.
The centaur hits you!
You die...

#..#..(# .#.#.
#.....# #.... .##
#.##(.###..# ...#
#.###..#..# #...
###..##.....##..#
#................
...##|........##.
##..._...##
.##.......@.##.
...........cZ...#
)..##..?..##..###
##.# #..#..# #.#
#. #..###.(# .#
..(. #.(.. #
####. ..#### #.
..#


You could see a centaur and a friendly centaur skeleton.

Vanquished Creatures
  2 adders (D:3)
  A dart slug (D:3)
  A leopard gecko (D:3)
  3 orcs (D:3)
  A ball python (D:3)
  A giant cockroach (D:3)
  A goblin (D:3)
  A hobgoblin (D:3)
  A kobold (D:1)
  A rat (D:3)
13 creatures vanquished.

Vanquished Creatures (collateral kills)
  A hungry ghost (D:7)
  A crimson imp (D:7)
  An adder (D:7)
3 creatures vanquished.

Grand Total: 16 creatures vanquished

Notes
Turn   | Place    | Note
-------+----------+-------------------------------------------
     0 | D:1      | Maedhros the Octopode Artificer began the quest for the
                  | Orb.
     0 | D:1      | Reached XP level 1. HP: 13/13 MP: 3/3
    57 | D:3      | Reached skill level 1 in Unarmed Combat
    57 | D:3      | Reached XP level 2. HP: 16/18 MP: 4/4
   195 | D:3      | Reached XP level 3. HP: 18/23 MP: 5/5
   296 | D:4      | You fall into a shaft and drop 3 floors!
   296 | D:7      | Found a shadowy altar of Dithmenos.
   297 | D:7      | Noticed a hungry ghost
   300 | D:7      | Noticed a centaur
   313 | D:7      | Killed a hungry ghost
   313 | D:7      | Reached skill level 4 in Evocations
   313 | D:7      | Reached XP level 4. HP: 21/28 MP: 5/7
   316 | D:7      | Reached XP level 5. HP: 25/33 MP: 5/8
   333 | D:7      | Slain by a centaur

Levels and vault maps discovered:
D:1:      scummos_arrival_checkerplants, layout_basic
D:2:      minmay_roachtagon, layout_basic, fedhas_altar_1, lemuel_doored_altar,
          gammafunk_temple_overflow_statue, makhleb_grotto_becter, first_ration,
          minivault_26
D:3:      layout_basic, gammafunk_ghost_cemetery, supply_closet_lemuel,
          hex_medium, palyth_stone_intersect, minivault_25, serial_park_tiny_1,
          uniq_ijyb
D:4:      layout_loops_ring
D:7:      layout_loops_cross, nicolae_dithmenos_shadow_blocks,
          kennysheep_generic_room_8

Skill      XL: |  1  2  3  4 |
---------------+-------------+-----
Stealth        | 2 3 |  3.5
Unarmed Combat | 1 2 3 |  3.1
Evocations     | 4 |  4.1
Fighting       | |  1.0
Short Blades   | |  1.0
Dodging        | |  2.0

Action                   |  1- 3 |  4- 6 || total
-------------------------+-------+-------++-------
Melee: Short sword       |    34 |     4 ||    38
       Tentacles         |     7 |     1 ||     8
       Constrict         |     7 |       ||     7
Evoke: Wand              |     1 |     1 ||     2
 Stab: Sleeping          |     2 |       ||     2
Armor: Skin              |     2 |     1 ||     3
Dodge: Dodged            |    19 |     4 ||    23

Table legend:
 A = Non-vault XP
 B = Vault XP
 C = Vault XP percentage of total XP
 D = Non-vault monster count
 E = Vault monster count
 F = Vault count percentage of total count
                 A         B        C        D         E       F
            +---------+---------+-------+---------+---------+-------
      Total |     177 |       0 |   0.0 |      16 |       0 |   0.0
            +---------+---------+-------+---------+---------+-------
        D:1 |       1 |       0 |   0.0 |       1 |       0 |   0.0
        D:3 |      52 |       0 |   0.0 |      12 |       0 |   0.0
        D:7 |     124 |       0 |   0.0 |       3 |       0 |   0.0
            +---------+---------+-------+---------+---------+-------
